 Dungeon Crawl Stone Soup version 0.32-a0-411-g744942f433 (webtiles) character file.

Game seed: 3342899757039393307

924 zeratav the Cleaver (level 7, -5/63 HPs)
             Began as a Minotaur Fighter on Feb 21, 2024.
             Was a Believer of Beogh.
             Slain by Sigmund
             ... wielding a +0 scythe
              (7 damage)
             ... on level 4 of the Dungeon.
             The game lasted 00:06:40 (3806 turns).

zeratav the Cleaver (Minotaur Fighter)              Turns: 3806, Time: 00:06:41

Health: -5/63      AC:  6    Str: 23    XL:     7   Next: 84%
Magic:  6/6        EV: 14    Int:  5    God:    Beogh [**....]
Gold:   145        SH:  9    Dex:  9    Spells: 6/6 levels left

rFire   . . .        a - +0 war axe {axe}
rCold   . . .        c - +0 buckler
rNeg    . . .        b - +0 scale mail
rPois   .            (helmet restricted)
rElec   .            (no cloak)
rCorr   +            (no gloves)
SInv    .            (no boots)
Will    .....        r - amulet of reflection Stlth
                     j - +5 ring of evasion
HPRegen 0.30/turn    o - ring of resist corrosion
MPRegen 0.10/turn

%: reflection
@: attractive
A: horns 2, retaliatory headbutt
a: Renounce Religion, Smiting


You were on level 4 of the Dungeon.
You worshipped Beogh.
Beogh was pleased with you.
You visited 1 branch of the dungeon, and saw 4 of its levels.
You also visited: Sewer.

You collected 145 gold pieces.


Innate Abilities, Weirdness & Mutations

Your facial features look somewhat orcish.
You have a pair of horns on your head.
You reflexively headbutt those who attack you in melee.


   Skills:
 + Level 6.0 Fighting
 - Level 10.0 Axes
 - Level 3.6 Armour
 - Level 3.6 Shields


You had 6 spell levels left.
You didn't know any spells.
Your spell library contained the following spells:

 Spells                   Type           Power      Damage    Failure   Level
 Haunt                    Necr/Summ      0%         N/A       100%        7
 Borgnjor's Revivificati  Necr           0%         N/A       100%        8
 Death's Door             Necr           0%         N/A       100%        9

Inventory:

Hand Weapons
 a - a +0 war axe (weapon) {axe}
 h - a +2 whip of freezing {mace}
   (You took it off a kobold on level 1 of the Dungeon)
 v - a +1 heavy hand axe {axe}
   (You took it off Blork the orc on level 4 of the Dungeon)
 B - a +4 flail of draining {mace}
   (You took it off Edmund on level 4 of the Dungeon)
Missiles
 f - 19 poisoned darts (quivered) {throwing}
Armour
 b - a +0 scale mail (worn)
 c - a +0 buckler (worn)
 m - a +0 pair of gloves
   (You found it on level 1 of the Dungeon)
 C - a +3 ring mail of fire resistance
   (You took it off Edmund on level 4 of the Dungeon)
Jewellery
 j - a +5 ring of evasion (left hand)
   (You found it on level 1 of the Dungeon)
 o - a ring of resist corrosion (right hand)
   (You found it on level 2 of the Dungeon)
 r - an amulet of reflection (around neck)
   (You found it on level 3 of the Dungeon)
 A - a +6 ring of intelligence
   (You found it on level 4 of the Dungeon)
Wands
 w - a wand of polymorph (15)
   (You took it off Blork the orc on level 4 of the Dungeon)
Scrolls
 e - 4 scrolls of teleportation {unknown}
 g - a scroll of brand weapon {unknown}
 i - 6 scrolls of identify {unknown}
 l - a scroll of enchant weapon {unknown}
 n - 4 scrolls of fog {unknown}
 q - 3 scrolls of vulnerability {unknown}
 y - 2 scrolls of enchant armour {unknown}
 D - a scroll of fear {unknown}
 E - a scroll of summoning {unknown}
 F - a scroll of blinking {unknown}
Potions
 d - a potion of might
 k - 2 potions of heal wounds {unknown}
 p - a potion of curing {@q1}
 t - a potion of invisibility {unknown}
 u - 2 potions of lignification {unknown}
 x - a potion of brilliance {unknown}
 z - a potion of degeneration {unknown}
 G - a potion of resistance {unknown}
 H - a potion of mutation {unknown}
 I - a potion of magic {unknown}
 J - a potion of enlightenment {unknown}

Dungeon Overview and Level Annotations

Branches:
Dungeon (4/15) Zot: 20598   Sewer (visited)
 Temple: D:4-7

Altars:
Ru

Shops:
D:3 [

Annotations:
D:4 Sigmund

.## #.... ..## #.S# ...#
############)K#
#..####.............#
##......######......#
##...<............#.######
##.......#####.###.......##
###..###..#....##{.#####..#
####.)#.....##..@K.###....#
........#...##...†(.....#.##
#####..####.##.###.####....#
# #......#.#..#~###~~##'..#
####......#....#~'~~~~~~#..#
..........##...#.'~~~~÷÷#..#
####......##...#~###~~##'.##
# #..(...###..###.####..##
#############....)......##


You could see a kobold.


Message History

An orc comes into view. It is wielding a +0 dagger.
The orc stares at you in amazement and kneels.
The orc hits you with a +0 dagger.
HP[-2]
You take 2 damage, and now have 60/62 hp.
You slash the orc!
You kill the orc!
Beogh accepts your kill.
Sigmund the Dreaded comes into view.
He is wielding a +0 scythe.
Sigmund shouts!
A kobold comes into view. It is wielding a +0 whip.
The orc closely misses the orc priest.
You see here a +0 dagger {short}.
You barely miss the orc. You headbutt the orc.
Sigmund mumbles some strange words.
Sigmund flickers and vanishes!
Deactivating autopickup; reactivate with Ctrl-A.
The kobold barely misses the orc.
The orc priest calls down the wrath of Beogh upon you.
Pain shoots through your body!
HP[-6]
You take 6 damage, and now have 54/62 hp.
You hit the orc.
You kill the orc!
Beogh accepts your kill.
A ball python comes into view.
You hit the orc priest. Something hits you but does no damage.
The orc priest mumbles some strange prayers to Beogh against you.
Beogh smites you!
The orc priest invokes the aid of Beogh against you.
Pain shoots through your body!
HP[-20]
You take 20 damage, and now have 34/62 hp.
MASSIVE DAMAGE!! (PAUSE)
You hit the orc priest but do no damage.
Something hits you!
* * * LOW HITPOINT WARNING * * *
The orc priest closely misses you.
HP[-8]
You take 8 damage, and now have 26/62 hp.
You are too injured to fight recklessly!
Unknown command.
You barely miss the orc priest. Something hits you.
* * * LOW HITPOINT WARNING * * *
You block the orc priest's attack.
HP[-6]
You take 6 damage, and now have 20/62 hp.
You hit the orc priest. You headbutt the orc priest.
The orc priest mumbles some strange prayers to Beogh against you.
You struggle to resist.
You slash the orc priest!
You kill the orc priest!
Beogh accepts your kill.
Beogh appreciates your killing of a heretic priest.
You hear some strange, mumbled words.
You are confused.
Your Fighting skill increases to level 6!
HP[+1]
You now have 63 max hp (+1).
It was a potion of curing.
You feel better. Something hits you.
* * * LOW HITPOINT WARNING * * *
HP[+6]
You regained 6 hp, and now have 27/63 hp.
Something hits you.
* * * LOW HITPOINT WARNING * * *
HP[-4]
You take 4 damage, and now have 23/63 hp.
HP[+1]
You are confused.
It was a potion of attraction.
You feel attractive to monsters. Something is attracted toward you.
The kobold is attracted toward you.
You're too confused to move!
Something hits you!
* * * LOW HITPOINT WARNING * * *
The kobold is attracted toward you.
The ball python is attracted toward you.
HP[-8]
You take 8 damage, and now have 16/63 hp.
You miss something. You closely miss the kobold. The kobold barely misses you.
Something hits you.
* * * LOW HITPOINT WARNING * * *
HP[-6]
You take 6 damage, and now have 10/63 hp.
You're too confused to move!
The kobold barely misses you.
You completely miss something. You hit the kobold.
You barely miss the ball python. Something hits you!
* * * LOW HITPOINT WARNING * * *
The ball python completely misses you. The ball python grabs you.
The ball python constricts you. The kobold hits you with a +0 whip.
* * * LOW HITPOINT WARNING * * *
HP[-8]
You take 8 damage, and now have 2/63 hp.
You miss the kobold. You closely miss something. You hit the ball python.
You kill the ball python!
Beogh accepts your kill.
You feel less confused. The kobold barely misses you. Something hits you!
You die...

Skill      XL: |  1  2  3  4  5  6  7 |
---------------+----------------------+-----
Axes           | 3 4 5 6 7 9 10 | 10.0
Fighting       | 6 |  6.0
Armour         | |  3.6
Shields        | |  3.6

Action                     |  1- 3 |  4- 6 |  7- 9 || total
---------------------------+-------+-------+-------++-------
  Melee: War axe           |   104 |    90 |   115 ||   309
         Headbutt          |    23 |    12 |    15 ||    50
 Invoke: Convert to Beogh  |       |     1 |       ||     1
    Use: Potion            |       |       |     2 ||     2
 Armour: Scale mail        |    32 |    40 |    45 ||   117
         Skin              |       |     4 |       ||     4
  Dodge: Dodged            |    21 |    45 |    50 ||   116
  Block: Buckler           |    15 |    39 |    36 ||    90
         Reflection        |       |     1 |     4 ||     5

Levels and vault maps discovered:
D:1:      evilmike_arrival_crescent, layout_loops_ring, serial_forest,
          infiniplex_forest_end_double, infiniplex_forest_straight_2,
          infiniplex_forest_lined_corner, infiniplex_forest_lined_1,
          infiniplex_forest_lined_room_3, st_stairs_1, minmay_tetromino_t4
D:2:      layout_basic, uniq_natasha
D:3:      layout_basic, mainiacjoe_overflow_cross_hatched,
          dreamdust_ecumenical_altar_sealed_demon, serial_shops, shop
D:4:      layout_rooms, gup_sewer_entry_bowl, serial_library,
          serial_library_hellmonk_double_dead_end,
          serial_library_hellmonk_room_b, serial_library_hellmonk_long_bookcase,
          serial_library_hellmonk_room_b, serial_library_hellmonk_open_cross,
          serial_library_regret_index_small_wings, uniq_sigmund,
          uniq_blork_the_orc, uniq_edmund

Notes
Turn   | Place    | Note
-------+----------+-------------------------------------------
     0 | D:1      | zeratav the Minotaur Fighter began the quest for the Orb.
     0 | D:1      | Reached XP level 1. HP: 19/19 MP: 0/0
     0 | D:1      | magus.rc [v1.9.6]
    82 | D:1      | Reached skill level 3 in Axes
    93 | D:1      | Reached XP level 2. HP: 26/26 MP: 1/1
   179 | D:1      | Reached skill level 4 in Axes
   315 | D:1      | Reached XP level 3. HP: 31/31 MP: 2/2
  1062 | D:2      | Reached skill level 5 in Axes
  1124 | D:2      | You add the spells Haunt, Borgnjor's Revivification and
                  | Death's Door to your library.
  1133 | D:2      | Reached XP level 4. HP: 39/39 MP: 3/3
  1348 | D:2      | Reached skill level 6 in Axes
  1406 | D:2      | Noticed Natasha
  1414 | D:2      | Killed Natasha
  1483 | D:2      | Reached XP level 5. HP: 45/45 MP: 4/4
  1908 | D:3      | Became a worshipper of Beogh the Shepherd
  1984 | D:3      | Found a sacrificial altar of Ru.
  2039 | D:3      | Reached skill level 7 in Axes
  2053 | D:3      | Found Alle's Antique Armour Shoppe.
  2355 | D:3      | Found a faded altar of an unknown god.
  2355 | D:3      | Noticed an ice devil
  2589 | D:4      | Noticed Blork the orc
  2598 | D:4      | Killed Blork the orc
  2599 | D:4      | Reached XP level 6. HP: 51/51 MP: 5/5
  2659 | D:4      | Reached skill level 8 in Axes
  2942 | D:4      | Reached skill level 9 in Axes
  2942 | D:4      | Reached XP level 7. HP: 50/57 MP: 6/6
  3038 | D:4      | Noticed Edmund
  3057 | D:4      | Killed Edmund
  3057 | D:4      | Reached * piety under Beogh
  3126 | D:4      | Reached skill level 10 in Axes
  3135 | D:4      | Found a glowing drain.
  3139 | Sewer    | Entered a sewer
  3302 | Sewer    | Reached skill level 4 in Fighting
  3308 | Sewer    | Reached skill level 5 in Fighting
  3524 | Sewer    | Reached ** piety under Beogh
  3786 | D:4      | Noticed Sigmund
  3794 | D:4      | Reached skill level 6 in Fighting
  3803 | D:4      | HP: 10/63 [something (6)]
  3805 | D:4      | HP: 3/63 [something (8)]
  3806 | D:4      | Slain by Sigmund

Vanquished Creatures
  Edmund (D:4)
  A phantom (D:4)
  2 kobold brigands (Sewer)
  Blork the orc (D:4)
  A howler monkey (D:4)
  A jelly (D:4)
  An orc priest (D:4)
  2 orc wizards
  Natasha (D:2)
  3 iguanas (D:4)
  9 adders
  A river rat (D:4)
  2 dart slugs
  3 ribbon worms
  6 orcs
  10 ball pythons
  3 bats
  13 endoplasms
  3 giant cockroaches
  12 goblins
  2 hobgoblins
  6 jackals
  17 kobolds
  A quokka (D:1)
  2 frilled lizards
  10 rats
114 creatures vanquished.

Table legend:
 A = Non-vault XP
 B = Vault XP
 C = Vault XP percentage of total XP
 D = Non-vault monster count
 E = Vault monster count
 F = Vault count percentage of total count
                 A         B        C        D         E       F
            +---------+---------+-------+---------+---------+-------
      Total |     739 |     584 |  44.1 |      81 |      33 |  28.9
            +---------+---------+-------+---------+---------+-------
        D:1 |      60 |      16 |  21.1 |      20 |       6 |  23.1
        D:2 |      99 |      36 |  26.7 |      20 |       1 |   4.8
        D:3 |     102 |       0 |   0.0 |      14 |       0 |   0.0
        D:4 |     478 |     283 |  37.2 |      27 |       6 |  18.2
      Sewer |       0 |     249 | 100.0 |       0 |      20 | 100.0
            +---------+---------+-------+---------+---------+-------

Skill      XL: |  1  2  3  4  5  6  7 |
---------------+----------------------+-----
Axes           | 3 4 5 6 7 9 10 | 10.0
Fighting       | 6 |  6.0
Armour         | |  3.6
Shields        | |  3.6

Action                     |  1- 3 |  4- 6 |  7- 9 || total
---------------------------+-------+-------+-------++-------
  Melee: War axe           |   104 |    90 |   115 ||   309
         Headbutt          |    23 |    12 |    15 ||    50
 Invoke: Convert to Beogh  |       |     1 |       ||     1
    Use: Potion            |       |       |     2 ||     2
 Armour: Scale mail        |    32 |    40 |    45 ||   117
         Skin              |       |     4 |       ||     4
  Dodge: Dodged            |    21 |    45 |    50 ||   116
  Block: Buckler           |    15 |    39 |    36 ||    90
         Reflection        |       |     1 |     4 ||     5

Illustrated notes

Table legend:
 A = Kills in this place as a percentage of kills in the entire game.
 B = Kills by you in this place as a percentage of kills by you in the entire game.
 C = Kills by friends in this place as a percentage of kills by friends in the entire game.
 D = Other kills in this place as a percentage of other kills in the entire game.
 E = Experience gained in this place as a percentage of experience gained in the entire game.
 F = Experience gained in this place divided by the number of levels of this place that you have seen.
                   A       B       C       D       E      F
               +-------+-------+-------+-------+-------+----------------------
         Total | 100.0 | 100.0 |   N/A |   N/A | 100.0 | 264.6
       Dungeon |  82.5 |  82.5 |   N/A |   N/A |  81.2 | 268.5
         Sewer |  17.5 |  17.5 |   N/A |   N/A |  18.8 | 249.0
               +-------+-------+-------+-------+-------+----------------------

Table legend: (Time is in decaauts)
 A = Elapsed time spent in this place.
 B = Non-inter-level travel time spent in this place.
 C = Inter-level travel time spent in this place.
 D = Time resting spent in this place.
 E = Time spent auto-exploring this place.
 F = Levels seen in this place.
 G = Mean time per level.
                   A        B        C        D        E       F      G
               +--------+--------+--------+--------+--------+-----+--------+
         Total |   3944 |   3584 |    360 |    101 |   2644 |   5 |  788.8 |
       Dungeon |   3400 |   3040 |    360 |     37 |   2304 |   4 |  850.0 |
         Sewer |    544 |    544 |      0 |     64 |    340 |   1 |  544.0 |
               +--------+--------+--------+--------+--------+-----+--------+

Top non-repeatable levels by time:
     D:1: 1020 daAuts
     D:2: 914 daAuts
     D:4: 774 daAuts
     D:3: 691 daAuts
   Sewer: 544 daAuts
